 Dungeon Crawl Stone Soup version 0.20.0-14-g326068f (webtiles) character file.

209 straycat the Sneak (level 5, -3/42 HPs)
             Began as a Vampire Fighter on June 8, 2017.
             Slain by an iguana (7 damage)
             ... on level 4 of the Dungeon.
             The game lasted 00:09:23 (2768 turns).

straycat the Sneak (Vampire Fighter)                Turns: 2768, Time: 00:09:24

Health: -3/42      AC:  6    Str: 20 (21) XL:     5   Next: 55%
Magic:  5/5        EV: 11    Int: 10      God:
Gold:   136        SH:  0    Dex: 12 (14) Spells: 4/4 levels left

rFire    . . .     SeeInvis +   a - +0 rapier
rCold    + . .     Gourm    .   (no shield)
rNeg     + + .     Faith    .   b - +0 scale mail
rPois    +         Spirit   .   (no helmet)
rElec    .         Reflect  .   (no cloak)
rCorr    .         Harm     .   (no gloves)
MR       .....                  (no boots)
Stlth    ++........             (no amulet)
Regen    0.1/turn               (no ring)
MPRegen  0.1/turn               (no ring)

@: mighty, regenerating slowly
A: fangs 3, see invisible, unbreathing
a: Bat Form


You were on level 4 of the Dungeon.
You were near bloodless.

You visited 1 branch of the dungeon, and saw 4 of its levels.

You collected 136 gold pieces.

Inventory:

Hand Weapons
 a - a +0 rapier (weapon)
 f - a +1 dagger of venom
 r - a +1 trident of freezing
 t - a +0 hunting sling
Missiles
 h - 28 bolts
 i - 115 stones (quivered)
 j - 84 sling bullets
 m - 43 arrows
 u - 6 silver javelins
 v - 10 tomahawks
Armour
 b - a +0 scale mail (worn)
 c - a +0 shield
 q - a +0 pair of boots
 w - a +2 chain mail of fire resistance
Jewellery
 g - an uncursed ring of protection from fire {unknown}
Scrolls
 k - 3 scrolls of immolation {unknown}
 l - a scroll of enchant weapon {unknown}
 p - 4 scrolls of identify {unknown}
 s - 2 scrolls of teleportation {unknown}
 x - a scroll of remove curse {unknown}
 y - a scroll of noise {unknown}
Potions
 e - 29 potions of blood
 n - 2 potions of brilliance
 o - a potion of mutation {unknown}
 z - a potion of magic {unknown}


   Skills:
 + Level 3.8 Fighting
 - Level 2.1 Short Blades
 - Level 2.4 Armour
 * Level 3.8 Dodging
 + Level 4.1 Stealth
 - Level 2.6 Shields


You had 4 spell levels left.
You didn't know any spells.

Dungeon Overview and Level Annotations

Branches:
Dungeon (4/15)
 Temple: D:4-7

Altars:
Dithmenos
Okawaru


Innate Abilities, Weirdness & Mutations

You heal slowly.
You have razor-sharp teeth.
You have supernaturally acute eyesight. (SInv)
You can survive without breathing.


Message History

You hear a splash.
The iguana bites you.
You hit the iguana.
The iguana is moderately wounded.
The iguana bites you.
Your scale mail prevents you from hitting the iguana.
The iguana is moderately wounded.
The iguana barely misses you.
You completely miss the iguana.
The iguana is moderately wounded.
The iguana bites you!
* * * LOW HITPOINT WARNING * * *
The iguana bites you but does no damage.
You barely miss the iguana. Your bite misses the iguana.
The iguana is lightly wounded.
The iguana barely misses you.
You puncture the iguana! Your bite misses the iguana.
The iguana is almost dead.
The iguana bites you!
You die...

#######
##.#.#.#
##≈≈≈≈(≈#
#_....l@+
##≈≈≈≈((#
#.#.#(##
# ###


You could see an iguana.

Vanquished Creatures
  An orc wizard (D:3)
  2 gnolls (D:4)
  4 adders
  2 oozes (D:2)
  2 worms
  6 dart slugs
  A leopard gecko (D:2)
  15 orcs
  4 giant cockroaches
  11 goblins
  5 hobgoblins
  5 jackals (D:2)
  A ball python (D:2)
  9 bats
  5 frilled lizards
  7 kobolds
  7 rats
87 creatures vanquished.

Notes
Turn   | Place    | Note
-------+----------+-------------------------------------------
     0 | D:1      | straycat the Vampire Fighter began the quest for the Orb.
     0 | D:1      | Reached XP level 1. HP: 17/17 MP: 1/1
   289 | D:1      | Reached skill level 1 in Stealth
   295 | D:1      | Reached XP level 2. HP: 23/23 MP: 2/2
   424 | D:1      | Reached skill level 1 in Dodging
   853 | D:2      | Reached XP level 3. HP: 29/29 MP: 3/3
   924 | D:2      | Reached skill level 2 in Stealth
  1520 | D:3      | Reached XP level 4. HP: 35/35 MP: 4/4
  1669 | D:3      | Reached skill level 3 in Stealth
  1674 | D:3      | HP: 1/36 [poisoned by an orc]
  1703 | D:3      | Found a shadowy altar of Dithmenos.
  2006 | D:3      | Reached XP level 5. HP: 34/42 MP: 5/5
  2382 | D:3      | Reached skill level 4 in Stealth
  2748 | D:4      | Found an iron altar of Okawaru.
  2768 | D:4      | Slain by an iguana

Skill      XL: |  1  2  3  4  5 |
---------------+----------------+-----
Stealth        | 1 2 3 4 |  4.1
Dodging        | 1 2 3 |  3.8
Fighting       | 3 |  3.8
Short Blades   | |  2.1
Armour         | |  2.4
Shields        | |  2.6

Action                   |  1- 3 |  4- 6 || total
-------------------------+-------+-------++-------
Melee: Rapier            |   111 |   160 ||   271
       Bite              |    10 |    10 ||    20
  Use: Potion            |       |     9 ||     9
 Stab: Sleeping          |       |     1 ||     1
Armor: Scale mail        |    56 |    62 ||   118
Dodge: Dodged            |    61 |   105 ||   166
